jenseits, chaotic female human Wizard #)(######*############################# #-------------------------------- # ------- #|.....%(.......................| ###|.....| ----- #|.------|-------------- ----- | #-.....| #.....#####|.|....|..| |...<.| ###|^..| |.|....|..| |......# |>..| |)--r------ -------# |...-#####-%.@...| # |.*.| |%----.| # ----- |.| - # |.| # |.| # |.| ### |.| #-------- |.| #|.^....| |.- #-).....| |. |......| --- -------- jenseits the Thaumaturge Experience level: 7 Strength: 7 Dexterity: 12 Constitution: 16 Intelligence: 18 Wisdom: 13 Charisma: 9 Health: 0(58) Energy: 83(88) Def: 1 Gold: 0 Moves: 4278 Dungeon seed: 7yc41LTEYug4yC1V Game ID: jenseits_1472300767 Your Inventory: Weapons a - a blessed +1 quarterstaff (weapon in hands) C - 13 blessed +3 darts Armor e - an uncursed +0 cloak of magic resistance (being worn) n - an uncursed +0 orcish helm Comestibles J - 3 uncursed food rations Scrolls i - 2 uncursed scrolls of confuse monster j - an uncursed scroll of identify q - an uncursed scroll of magic mapping t - a cursed scroll of destroy armor named cursed v - an uncursed scroll of enchant weapon w - an uncursed scroll of remove curse A - an uncursed scroll of enchant armor D - a blessed scroll of taming Spellbooks k - a blessed spellbook of force bolt l - an uncursed spellbook of sleep Potions f - a potion of holy water g - 2 uncursed potions of gain energy m - a blessed potion of speed O - an uncursed potion of levitation Rings c - an uncursed ring of cold resistance d - an uncursed ring of see invisible p - a cursed ring of poison resistance named cursed E - a blessed +1 ring of adornment (on left hand) Wands b - a wand of opening (0:8) B - a wand of slow monster (0:6) L - a blessed wand of digging (0:4) Tools y - a magic flute (0:4) H - an uncursed brass lantern named uncursed (0:1443) M - an uncursed tin whistle P - an uncursed oil lamp (lit) (0:336) Gems r - an uncursed worthless piece of white glass z - 2 uncursed diamonds Spells and supernatural/magical abilities: Name Level Category Fail Memory a - force bolt 1 attack 0% 79% z - sleep 1 enchantment 0% 79% W - pray for help -- divine ? -- Your skills at the end: Fighting Skills wands [Basic] Weapon Skills quarterstaff [Basic] Spellcasting Skills attack spells [Basic] enchantment spells [Basic] Final Attributes: You were piously aligned. You were magic-protected. You were adorned. You were unlucky. You are dead. Vanquished creatures: a quivering blob a giant spider 2 human zombies a rope golem a wood nymph an orc shaman 2 rock piercers 7 gnome lords a gray ooze 4 giant ants a little dog 8 dwarves 4 rothes a giant bat 4 monkeys 8 dwarf zombies a wererat 2 iguanas an acid blob 3 coyotes a gas spore 4 hobbits 2 large kobolds 2 giant rats a yellow mold a green mold 29 gnomes 11 garter snakes 2 geckos 7 jackals 2 foxes a kobold 4 goblins 2 sewer rats 3 grid bugs 2 bats 6 lichens 3 kobold zombies 9 newts 146 creatures vanquished. Voluntary challenges: You had been an atheist until turn 3454. You used a wielded weapon 43 times, starting on turn 12. You read items or engraved 4 times, starting on turn 164. You never genocided any monsters. You never polymorphed an object. You never changed form. You used no wishes. You never split a pudding. You wrote Elbereth's name 1 time, starting on turn 164. You never violated your personal moral code. Dungeon overview: The Dungeons of Doom: levels 1 to 4 Level 1 a long staircase Level 2 a general store, a fountain Level 3 a scroll shop, a fountain Level 4 stairs to The Gnomish Mines The Gnomish Mines: levels 5 to 8 Level 5 stairs to The Dungeons of Doom Level 6 Level 7 Level 8 <- You were here History has recorded: On T:1 you entered the Dungeons of Doom to retrieve the Amulet of Yendor! On T:376 you reached level 2 of The Dungeons of Doom. On T:719 you advanced to experience level 2. On T:1371 you reached level 3 of The Dungeons of Doom. On T:1597 you advanced to experience level 3. On T:1851 you reached level 4 of The Dungeons of Doom. On T:2307 you advanced to experience level 4. On T:2411 you reached level 1 of The Gnomish Mines. On T:2620 you advanced to experience level 5. On T:3120 you reached level 2 of The Gnomish Mines. On T:3186 you advanced to experience level 6. On T:3407 you reached level 3 of The Gnomish Mines. On T:3900 you reached level 4 of The Gnomish Mines. On T:4056 you advanced to experience level 7. Score breakdown: Gold: 0 ( 0 points) Experience: 7 levels (13645 points) Exploration: 8 levels ( 15.69%) (11224 points) Discoveries: 3 items ( 1.03%) ( 3046 points) Valuables value: (no points given unless you survive) Artifact value: 0 ( 0 points) Variety of kills: 39 monsters ( 10.18%) ( 9573 points) Turncount: 4278 turns (-1124 points) Survival: died (score multiplied by 80%) Total score: 29091 Latest messages: You hear some noises nearby. (3x) The sewer rat bites! The wererat bites! The sewer rat bites! The wererat bites! You feel that Anhur is displeased. You feel better. The sewer rat bites! The wererat bites! "My feet hurt, I've been on them all day!" The sewer rat bites! The wererat bites! The sewer rat bites! Poutu drops a quivering blob corpse. The wererat changes into a human. The force bolt hits the wererat! The wererat is killed! The sewer rat bites! You die... Final status: Goodbye jenseits the Wizard, killed by a sewer rat... You died in The Gnomish Mines on dungeon level 8 with 29091 points, and 0 pieces of gold, after 4278 moves. You were level 7 with a maximum of 58 hit points when you died.